 Dungeon Crawl Stone Soup version 0.29.1-13-g9f3cf754e1 (webtiles) character file.

Game seed: 13531444692628961567

110 javelincjr the Magician (level 5, -5/35 HPs)
             Began as a Djinni Conjurer on Feb 6, 2023.
             Killed by nerve-wracking pain
             ... invoked by an orc priest
              (6 damage)
             ... on level 3 of the Dungeon.
             The game lasted 00:09:53 (2136 turns).

javelincjr the Magician (Djinni Conjurer)           Turns: 2136, Time: 00:09:53

Health: -5/35      AC:  3    Str:  8    XL:     5   Next: 14%
Gold:   66         EV: 12    Int: 20    God:
                   SH:  0    Dex: 11

rFire   + + +      SeeInvis .   p - staff of fire
rCold   . . .      Faith    .   (no shield)
rNeg    + . .      Spirit   .   a - +0 robe
rPois   ∞          Reflect  .   m - +0 helmet
rElec   .          Harm     .   n - scarf {rC+ rF+}
rCorr   .          Rampage  .   (no gloves)
Will    .....                   (boots unavailable)
Stlth   ++........              (no amulet)
HPRegen 0.11/turn               k - ring of positive energy
MPRegen 0.00/turn               (no ring)

@: attractive, flying, hasted, very quick
A: sickness immunity, fire resistance 2, cold vulnerability 1, float, innate
caster, HP casting, extra vitality 1
a: no special abilities


You were on level 3 of the Dungeon.
You visited 1 branch of the dungeon, and saw 3 of its levels.

You collected 96 gold pieces.
You spent 30 gold pieces at shops.

Inventory:

Hand Weapons
 f - a +0 short sword
 s - a +1 falchion of holy wrath
Missiles
 g - 17 stones
Armour
 a - a +0 robe (worn)
 m - a +0 helmet (worn)
 n - a scarf of resistance (worn)
 t - a +2 scale mail of positive energy
Magical Staves
 j - a staff of death
 p - a staff of fire (weapon)
Jewellery
 k - a ring of positive energy (left hand)
Scrolls
 d - a scroll of summoning {unknown}
 e - 3 scrolls of identify {unknown}
 i - 2 scrolls of teleportation {unknown}
 o - a scroll of enchant armour {unknown}
 r - 2 scrolls of poison {unknown}
Potions
 b - 2 potions of attraction
 c - 5 potions of curing
 l - a potion of mutation {unknown}
 q - a potion of degeneration {unknown}


   Skills:
 + Level 3.0 Dodging
 + Level 1.7 Stealth
 + Level 4.5 Spellcasting


You couldn't memorise any spells.
You knew the following spells:

 Your Spells              Type           Power      Damage    Failure   Level
a - Magic Dart            Conj           88%        1d7       1%          1
b - Searing Ray           Conj           44%        2d6       3%          2
c - Dazzling Flash        Conj/Hex       44%        N/A       6%          3
d - Fulminant Prism       Conj/Hex       11%        3d9       19%         4
e - Iskenderun's Mystic   Conj/Tloc      22%        2d6       19%         4
f - Foxfire               Conj/Fire      100%       2x1d9     1%          1
g - Poisonous Vapours     Pois/Air       44%        N/A       3%          2
Your spell library was empty.

Dungeon Overview and Level Annotations

Branches:
Dungeon (3/15)

Altars:

Shops:
D:2 (!*


Innate Abilities, Weirdness & Mutations

You are immune to sickness and miasma.
You are immune to poison.
Your flesh is very heat resistant. (rF++)
You are vulnerable to cold. (rC-)
You float through the air rather than walking.
You learn spells naturally, not from books.
Your magical power is your life essence.
You have superior vitality. (+4 MHP)


Message History

Casting: Foxfire (safe; 1% risk of failure)
Confirm with . or Enter, or press ? or * to list all spells.
You feel a surge of power!
You conjure some foxfire!
* * * LOW HITPOINT WARNING * * *
The orc attacks as you move away! The orc barely misses you.
The foxfire hits the orc priest.
The orc priest is almost dead.
The foxfire hits the orc priest but does no damage.
The orc priest is almost dead.
The orc priest calls down the wrath of Beogh upon you.
Pain shoots through your body!
* * * LOW HITPOINT WARNING * * *
You feel better. The orc priest barely misses you. The orc misses you.
The orc priest attacks as you move away!
The orc priest hits you with a +0 mace.
* * * LOW HITPOINT WARNING * * *
The orc barely misses you. The orc attacks as you move away!
The orc hits you with a +0 short sword.
* * * LOW HITPOINT WARNING * * *
The orc priest attacks as you move away!
The orc priest misses you.
The orc priest attacks as you move away!
The orc priest hits you with a +0 mace.
* * * LOW HITPOINT WARNING * * *
Casting: Foxfire (safe; 1% risk of failure)
Confirm with . or Enter, or press ? or * to list all spells.
Okay, then.
You feel better. The orc priest hits you with a +0 mace.
* * * LOW HITPOINT WARNING * * *
The orc misses you.
It was a potion of attraction.
You feel attractive to monsters.
The orc priest mumbles some strange prayers to Beogh against you.
Pain shoots through your body!
* * * LOW HITPOINT WARNING * * *
The orc barely misses you.
It was a potion of haste.
You feel yourself speed up.
The orc priest calls down the wrath of Beogh upon you.
Pain shoots through your body!
You die...

.......##### ...........#
...........##
............###
:......).......
.....).$......#
##........####
####...........o######
.............oo@....##
...........#####....#
#.........## ####.#### v.
#..........### #....#.<#
###...........#####)##....#
#..<.............##........
#.##.....##......v..####...
# #.......###.#......######
######### #.##...........


You could see an orc priest and 2 orcs.

Vanquished Creatures
  Terence (D:3)
  3 adders
  3 worms
  A dart slug (D:2)
  2 orcs (D:3)
  5 endoplasms
  A giant cockroach (D:2)
  3 hobgoblins
  A quokka (D:3)
  5 ball pythons
  8 bats (D:1)
  3 frilled lizards
  2 goblins
  4 kobolds
  5 rats
47 creatures vanquished.

Vanquished Creatures (collateral kills)
  2 foxfires (D:2)
2 creatures vanquished.

Vanquished Creatures (others)
  95 foxfires
  A fungus (D:2)
  A plant (D:2)
97 creatures vanquished.

Grand Total: 146 creatures vanquished

Notes
Turn   | Place    | Note
-------+----------+-------------------------------------------
     0 | D:1      | javelincjr the Djinni Conjurer began the quest for the Orb.
     0 | D:1      | javelincjr set off with the following spells memorised:
                  | Magic Dart, Searing Ray, Dazzling Flash, Fulminant Prism,
                  | Iskenderun's Mystic Blast.
     0 | D:1      | Reached XP level 1. HP: 15/15 MP: 0/0
   277 | D:1      | Reached XP level 2. HP: 20/21 MP: 0/0
   901 | D:2      | Reached XP level 3. HP: 19/25 MP: 0/0
   901 | D:2      | Learned a level 1 spell: Foxfire
  1339 | D:2      | Reached skill level 4 in Spellcasting
  1343 | D:2      | Found Launus's General Store.
  1352 | D:2      | Bought a potion of curing for 30 gold pieces
  1556 | D:2      | Reached XP level 4. HP: 29/31 MP: 0/0
  1801 | D:2      | Found Usmuwnaw's Distillery.
  1804 | D:2      | Found Mugriz's Antique Weapon Shop.
  1830 | D:2      | Found a faded altar of an unknown god.
  2111 | D:3      | Noticed Terence
  2119 | D:3      | Killed Terence
  2120 | D:3      | Reached XP level 5. HP: 26/35 MP: 0/0
  2120 | D:3      | Learned a level 2 spell: Poisonous Vapours
  2129 | D:3      | HP: 1/35 [orc priest/nerve-wracking pain (5)]
  2135 | D:3      | HP: 1/35 [orc priest/nerve-wracking pain (6)]
  2136 | D:3      | Killed from afar by an orc priest

Illustrated notes

Levels and vault maps discovered:
D:1:      saegor_arrival_under_anarchy, layout_basic
D:2:      layout_rooms, dreamdust_ecumenical_altar_grove, basic_altar,
          serial_shops, shop, shop_fountains, shop
D:3:      layout_rooms, uniq_grinder, uniq_terence, uniq_crazy_yiuf_cottage,
          uniq_jessica

Skill      XL: |  1  2  3  4  5 |
---------------+----------------+-----
Spellcasting   | 4 |  4.5
Dodging        | 3 |  3.0
Stealth        | |  1.7

Action                   |  1- 3 |  4- 6 || total
-------------------------+-------+-------++-------
Melee: Staff             |       |     1 ||     1
 Cast: Magic Dart        |    48 |       ||    48
       Foxfire           |    15 |    42 ||    57
  Use: Potion            |       |     4 ||     4
Armor: Robe              |     1 |     1 ||     2
Dodge: Dodged            |    12 |     8 ||    20
